 Dungeon Crawl Stone Soup version 0.26-a0-812-g31a745ddcd (webtiles) character file.

Game seed: 4532245981021420603

124 graki42 the Conjurer (level 4, 24/24 HPs)
             Began as a Deep Elf Conjurer on Nov 23, 2020.
             Quit the game on level 3 of the Dungeon.
             The game lasted 00:04:44 (2340 turns).

graki42 the Conjurer (Deep Elf Conjurer)            Turns: 2340, Time: 00:04:44

Health: 24/24      AC:  3    Str:  5    XL:     4   Next: 81%
Magic:  12/12      EV: 13    Int: 23    God:
Gold:   158        SH:  0    Dex: 13    Spells: 0/11 levels left

rFire    . . .     SeeInvis .   n - +1 falchion (holy)
rCold    . . .     Faith    .   (no shield)
rNeg     . . .     Spirit   .   a - +0 robe
rPois    .         Reflect  .   (no helmet)
rElec    .         Harm     .   (no cloak)
rCorr    +         Rampage  .   e - +0 pair of gloves
MR       .....                  (no boots)
Stlth    ++........             i - amulet of inaccuracy (curse)
HPRegen  0.08/turn              l - ring of resist corrosion
MPRegen  0.13/turn              (no ring)

@: no status effects
A: no striking features
a: no special abilities


You were on level 3 of the Dungeon.
You visited 1 branch of the dungeon, and saw 3 of its levels.

You collected 158 gold pieces.

Inventory:

Hand Weapons
 n - a +1 falchion of holy wrath (weapon)
Armour
 a - a +0 robe (worn)
 e - a +0 pair of gloves (worn)
Jewellery
 i - a cursed amulet of inaccuracy (around neck)
 l - a ring of resist corrosion (left hand)
Scrolls
 b - a scroll of amnesia {unknown}
 c - 9 scrolls of remove curse {unknown}
 f - a scroll of random uselessness {unknown}
 g - a scroll of fear {unknown}
 h - 4 scrolls of identify {unknown}
 j - 2 scrolls of blinking {unknown}
 m - a scroll of teleportation {unknown}
Potions
 d - a potion of haste {unknown}
 k - a potion of berserk rage {unknown}
 o - a potion of flight {unknown}


   Skills:
 - Level 3.0 Dodging
 - Level 3.0 Stealth
 + Level 4.4 Spellcasting
 + Level 5.4 Conjurations
 + Level 1.2 Hexes
 + Level 1.1 Translocations


You couldn't memorise any spells.
You knew the following spells:

 Your Spells              Type           Power        Failure   Level
a - Magic Dart            Conj           ####         1%          1
b - Searing Ray           Conj           ####..       1%          2
c - Fulminant Prism       Conj/Hex       ###.......   26%         4
d - Iskenderun's Mystic   Conj/Tloc      ###.....     26%         4

Your spell library contained the following spells:

 Spells                   Type           Power        Failure   Level
 Dazzling Flash           Conj/Hex       ###...       8%          3


Dungeon Overview and Level Annotations

Branches:
Dungeon (3/15)

Altars:


Message History

Aiming: Searing Ray (safe; 1% risk of failure)
Press: ? - help, Shift-Dir - straight line, f - orc
Aim: an orc, wielding a +0 falchion and wearing a +0 ring mail The searing ray misses the orc. (Press . to maintain the ray.) Unknown command.
The searing ray misses the orc.
The searing ray hits the orc!
You kill the orc!
You start resting.
Magic restored.
Things that are here:
a +0 leather armour; an orc corpse
Things that are here:
a +0 falchion; a +0 ring mail
Items here: ( ) ††.
There is an escape hatch in the floor here.
Done exploring.
Done exploring.
Are you sure you want to abandon this character and quit the game? (Confirm with "yes".)

###.# ##.#.# ##..... #.#...#
##...## ##.##. ###########
#.##. #.........# #....
##########@#######.# #....
#.......>.....<###.## #####
#.########.###.##...###
###.###### #.# #...###..#
#........# #.# ##.## ##.###
#...#.##.# #.# #.# #...#
#.....##.# #.####.## ##.#.##
#........###.......###.....#
#..##..#.#........†.....#..#


There were no monsters in sight!

Vanquished Creatures
  4 gnolls (D:2)
  An adder (D:3)
  An ooze (D:2)
  3 worms
  2 leopard geckos
  6 orcs (D:3)
  4 giant cockroaches
  4 goblins
  5 hobgoblins
  7 jackals (D:2)
  6 bats
  2 frilled lizards
  3 kobolds
  9 rats
57 creatures vanquished.

Notes
Turn   | Place    | Note
-------+----------+-------------------------------------------
     0 | D:1      | graki42 the Deep Elf Conjurer began the quest for the Orb.
     0 | D:1      | Reached XP level 1. HP: 10/10 MP: 6/6
   408 | D:1      | Reached XP level 2. HP: 13/15 MP: 5/8
   412 | D:1      | Learned a level 2 spell: Searing Ray
   794 | D:2      | Reached XP level 3. HP: 19/19 MP: 4/9
   817 | D:2      | Reached skill level 5 in Conjurations
  1190 | D:2      | Reached XP level 4. HP: 24/24 MP: 9/12
  1196 | D:2      | Learned a level 4 spell: Fulminant Prism
  1201 | D:2      | Learned a level 4 spell: Iskenderun's Mystic Blast
  1736 | D:3      | Reached skill level 1 in Hexes
  2219 | D:3      | Reached skill level 1 in Translocations
  2340 | D:3      | Quit the game

Illustrated notes

Levels and vault maps discovered:
D:1:      lightli_arrival_chessboard, layout_basic
D:2:      layout_basic
D:3:      layout_loops_cross

Skill      XL: |  1  2  3  4 |
---------------+-------------+-----
Stealth        | 3 |  3.0
Dodging        | 3 |  3.0
Conjurations   | 5 |  5.4
Spellcasting   | 4 |  4.4
Hexes          | 1 |  1.2
Translocations | 1 |  1.1

Action                   |  1- 3 |  4- 6 || total
-------------------------+-------+-------++-------
Melee: Unarmed           |     1 |       ||     1
 Cast: Magic Dart        |    40 |    17 ||    57
       Searing Ray       |     4 |    12 ||    16
Armor: Robe              |     3 |     2 ||     5
Dodge: Dodged            |     2 |     2 ||     4

Table legend: (Time is in decaauts)
 A = Elapsed time spent in this place.
 B = Non-inter-level travel time spent in this place.
 C = Inter-level travel time spent in this place.
 D = Time resting spent in this place.
 E = Time spent auto-exploring this place.
 F = Levels seen in this place.
 G = Mean time per level.
                   A        B        C        D        E       F      G
               +--------+--------+--------+--------+--------+-----+--------+
         Total |   2338 |   2307 |     31 |    153 |   1918 |   3 |  779.3 |
       Dungeon |   2338 |   2307 |     31 |    153 |   1918 |   3 |  779.3 |
               +--------+--------+--------+--------+--------+-----+--------+

Top non-repeatable levels by time:
     D:2: 827 daAuts
     D:3: 788 daAuts
     D:1: 722 daAuts
